Map: Mech Depot LE

Players

NeonMoon - Winner!

  • Race: Zerg Zerg
  • League: Gold
  • Spawn Location: 1:00

Juxtapose

  • Race: Terran Terran
  • League: Gold
  • Spawn Location: 7:00

VOD

https://youtu.be/_3w8CG4wik8

Description

With my win against BMing Vector, I've been promoted to Gold League 3!

Sadly, my first official game in Gold League is less than stellar. I'm not so great with Terran, who I get in this match, and I just bungle up my early game as you'll see.

I do try a bit more of a mech composition, but I wasn't comfortable with it at all.

Time

  • Played on: Aug. 7, 2017, 11:23 a.m.
  • Length: 14:21
Show
View Real Time Build Order
Export as new Build Order

NeonMoon Zerg - Winner!

Build Orders: Hatch First, Swarm Host 

Get SALT Encoding   

  12  0:01  Drone  
  13  0:13  Overlord  
  13  0:17  Drone  
  14  0:31  Drone x2  
  16  0:52  Hatchery  
  16  0:55  Drone  
  16  1:02  Drone x2  
  18  1:08  Drone  
  19  1:12  Extractor  
  18  1:24  Drone, Spawning Pool  
  18  1:29  Drone  
  19  1:40  Drone  
  20  1:51  Drone  
  21  2:06  Drone  
  22  2:18  Drone x2  
  22  2:20  Queen  
  26  2:22  Overlord  
  26  2:24  Overlord  
  26  2:30  Zergling x2  
  26  2:36  Zergling x2  
  28  2:40  Queen  
  30  2:51  Overlord  
  30  2:52  Zergling x2  
  31  3:04  Drone  
  32  3:13  Baneling Nest  
  32  3:27  Drone x3  
  32  3:29  Drone x3  
  37  3:40  Hatchery  
  37  3:41  Overlord  
  36  3:51  Drone x2  
  38  3:55  Evolution Chamber  
  38  3:59  Evolution Chamber  
  36  4:08  Drone x2  
  38  4:13  Overlord  
  38  4:22  Drone  
  39  4:34  Drone x3  
  42  4:43  Drone x5  
  47  4:46  Extractor  
  47  4:49  Lair, Extractor  
  47  4:51  Hatchery  
  44  4:53  Extractor  
  44  4:58  Drone  
  44  5:00  Drone, Queen  
  47  5:22  Zergling x6  
  47  5:24  Zerg Missile Weapons Level 1  
  47  5:25  Zerg Ground Armor Level 1  
  47  5:28  Drone x3  
  53  5:34  Drone x3  
  56  5:45  Zergling x4  
  56  5:48  Baneling x6  
  58  5:51  Overlord x5  
  58  6:03  Roach Warren  
  52  6:14  Zergling x2  
  52  6:15  Zergling x10  
  55  6:26  Zergling x4  
  55  6:27  Zergling x2  
  58  6:35  Drone  
  59  6:44  Zergling x6  
  59  6:45  Roach  
  59  6:46  Roach x4  
  72  7:07  Drone  
  73  7:11  Drone x2  
  73  7:12  Drone  
  73  7:14  Roach x4  
  84  7:27  Hydralisk Den  
  84  7:28  Drone  
  84  7:29  Infestation Pit  
  83  7:31  Roach  
  83  7:32  Roach x4  
  83  7:33  Roach, Zergling x10  
  83  7:34  Zergling x2  
  101  7:40  Zerg Melee Weapons Level 1, Zerg Ground Armor Level 2  
  97  8:05  Metabolic Boost  
  96  8:08  Pathogen Glands  
  96  8:10  Hydralisk  
  96  8:11  Hydralisk x3  
  101  8:15  Drone  
  101  8:19  Drone  
  103  8:21  Overlord x4  
  103  8:22  Overlord x2  
  103  8:36  Muscular Augments  
  103  8:42  Extractor  
  103  8:45  Extractor  
  101  8:51  Queen  
  101  8:52  Swarm Host  
  101  8:54  Zergling x4  
  108  9:04  Ravager x2  
  108  9:06  Ravager  
  112  9:10  Drone x3  
  113  9:25  Hydralisk  
  113  9:27  Zergling x4  
  113  9:30  Zergling x14  
  113  9:31  Zergling x4  
  126  9:47  Ravager x2  
  126  9:48  Ravager x2  
  126  9:51  Drone  
  126  9:52  Drone  
  109  10:15  Zergling x12  
  109  10:16  Zergling x6  
  118  10:25  Zergling x8  
  118  10:26  Hydralisk x2, Zergling x12  
  112  11:10  Hydralisk  
  112  11:11  Hydralisk x7  
  112  11:12  Hydralisk x4  
  112  11:14  Overseer  
  112  11:15  Overseer  
  134  11:24  Overlord x2  
  134  11:25  Overlord x2  
  132  11:39  Extractor  
  131  11:41  Extractor  
  130  11:51  Drone x2  
  132  11:59  Hive, Spire  
  113  12:25  Swarm Host x5  
  113  12:26  Swarm Host x6  
  113  12:29  Zergling x4  
  148  12:30  Zergling x10  
  152  12:45  Infestor  
  154  13:07  Hatchery  
  154  13:12  Hatchery, Swarm Host x3  
  153  13:13  Swarm Host x5  
  153  13:16  Zergling x6  
  153  13:17  Zergling x2  
Show
View Real Time Build Order
Export as new Build Order

Juxtapose Terran 

Build Orders: Mech 

Get SALT Encoding   

  12  0:01  SCV  
  13  0:13  SCV  
  14  0:25  SCV  
  14  0:27  Supply Depot  
  15  0:43  Supply Depot  
  15  0:49  SCV  
  16  0:55  Barracks  
  16  1:01  SCV  
  16  1:02  Supply Depot  
  17  1:10  Refinery  
  17  1:13  SCV  
  18  1:25  SCV  
  19  1:29  Supply Depot  
  19  1:43  Refinery, Orbital Command  
  19  1:45  Marine  
  21  2:10  Barracks Reactor  
  20  2:26  SCV  
  21  2:38  SCV  
  22  2:50  SCV  
  23  3:00  Marine x2, Factory  
  25  3:09  Supply Depot  
  25  3:10  SCV  
  26  3:17  Marine x2  
  28  3:34  SCV  
  29  3:36  Supply Depot  
  29  3:46  SCV  
  30  4:02  Factory  
  30  4:05  Supply Depot  
  30  4:06  Barracks Tech Lab  
  30  4:09  Hellion x2  
  34  4:23  Command Center  
  34  4:30  Hellion x2  
  38  4:51  Hellion  
  38  4:52  Hellion  
  42  5:02  Factory Tech Lab  
  42  5:03  Starport  
  42  5:15  Engineering Bay  
  42  5:25  Widow Mine x2  
  46  5:41  Starport Tech Lab  
  46  5:44  Marine, Orbital Command  
  47  6:01  Marine  
  40  6:30  Orbital Command  
  36  6:33  Raven  
  36  6:34  Recalibrated Explosives  
  38  6:42  Marine  
  39  6:53  Armory  
  39  6:59  Marine  
  40  7:08  Siege Tank  
  40  7:12  Hellion x2  
  47  7:16  Raven  
  47  7:17  Marine  
  50  7:26  SCV  
  51  7:30  Refinery  
  51  7:32  Refinery, SCV  
  51  7:33  Hellion x2  
  51  7:35  Marine  
  57  7:38  SCV  
  57  7:39  Supply Depot  
  57  7:40  Siege Tank  
  61  7:44  SCV  
  61  7:50  SCV  
  63  7:53  Corvid Reactor, Marine  
  63  7:55  Hellbat x2  
  66  8:02  Supply Depot  
  66  8:11  Marine  
  67  8:14  Thor  
  73  8:29  Marine  
  74  8:35  SCV  
  75  8:44  Infernal Pre-Igniter, Hellbat  
  75  8:46  Marine  
  75  8:48  SCV  
  79  8:58  Siege Tank  
  79  9:00  SCV  
  83  9:04  Marine  
  84  9:12  Raven, SCV  
  87  9:22  Marine  
  89  9:24  SCV  
  89  9:30  Siege Tank  
  92  9:40  Marine  
  93  9:57  Hellbat  
  93  9:58  Marine, Hellbat  
  79  10:01  Thor  
  79  10:06  Command Center  
  59  10:15  Marine  
  57  10:24  Banshee  
  57  10:26  Cloaking Field  
  60  10:32  Hellion  
  60  10:33  Marine  
  61  10:45  Siege Tank  
  51  10:51  Marine  
  36  11:07  Banshee  
  36  11:09  Marine  
  39  11:17  Siege Tank  
  39  11:27  Marine  
  39  11:28  Barracks  
  40  11:42  Command Center  
  40  11:44  Marine  
  41  11:50  Banshee  
  44  12:02  Marine  
  42  12:32  Planetary Fortress, Raven  
  44  13:13  SCV  
  44  13:15  Refinery  
  44  13:18  Refinery  
  45  13:25  SCV  
  46  13:37  SCV  
  47  13:49  SCV  
  48  14:01  SCV  
  48  14:02  Command Center  
Tags
 
Composition
MechSwarm Host
League
GoldGold
Matchup
TvZ
Spawn Locations
Cross Positions
Add a new tag
Caveats
  • Supply blocks, unpowered buildings, or Contaminate may cause inaccurate times.
  • Supply counts are checked every 10 seconds.